 Dungeon Crawl Stone Soup version 0.29.1-2-gbd0b4ee654 (webtiles) character file.

Game seed: 4724900060496278311

2 Goreval the Ruffian (level 1, 18/18 HPs)
             Began as a Naga Transmuter on Nov 20, 2022.
             Was a Follower of Sif Muna.
             Got out of the dungeon alive.
             The game lasted 00:01:08 (197 turns).

Goreval the Ruffian (Naga Transmuter)                Turns: 197, Time: 00:01:08

Health: 18/18      AC:  1    Str: 12    XL:     1   Next: 30%
Magic:  3/3        EV:  9    Int: 13    God:    Sif Muna [*.....]
Gold:   22         SH:  0    Dex: 11    Spells: 3/4 levels left

rFire   . . .      SeeInvis +     - Unarmed
rCold   . . .      Faith    .   (no shield)
rNeg    . . .      Spirit   .   a - +0 robe
rPois   +          Reflect  .   (no helmet)
rElec   .          Harm     .   (no cloak)
rCorr   .          Rampage  .   (no gloves)
Will    .....                   (no barding)
Stlth   +.........              (no amulet)
HPRegen 0.06/turn               (no ring)
MPRegen 0.08/turn               (no ring)

@: very slow
A: AC +0, large, see invisible, deformed body, poison resistance, slowness 2,
spit poison 1, naga tail 1
a: Spit Poison, Renounce Religion, Channel Magic


You escaped.
You worshipped Sif Muna.
Sif Muna was aware of your devotion.
You visited 1 branch of the dungeon, and saw 1 of its levels.

You collected 22 gold pieces.

Inventory:

Armour
 a - a +0 robe (worn)
Potions
 b - a potion of lignification
 c - 2 potions of curing {unknown}


   Skills:
 + Level 1.0 Fighting
 + Level 1.5 Dodging
 * Level 3.0 Unarmed Combat
 * Level 2.0 Spellcasting
 + Level 2.0 Transmutations


You had 3 spell levels left.
You knew the following spells:

 Your Spells              Type           Power      Damage    Failure   Level
a - Beastly Appendage     Tmut           12%        N/A       11%         1

Your spell library contained the following spells:

 Spells                   Type           Power      Damage    Failure   Level
 Wereblood                Tmut           6%         N/A       17%         2
 Spider Form              Tmut/Pois      3%         N/A       45%         3
 Ice Form                 Ice/Tmut       3%         N/A       86%         4


Dungeon Overview and Level Annotations

Branches:
Dungeon (1/15)

Altars:
Sif Muna


Innate Abilities, Weirdness & Mutations

Your serpentine skin is tough. (AC +0)
You have supernaturally acute eyesight. (SInv)
Armour fits poorly on your strangely shaped body.
Your system is resistant to poisons. (rPois)
You cover ground very slowly.
You can spit poison.
You have a snake-like lower body.


Message History

Cheiwalk mode is off.
c - 2 white potions A goblin comes into view.
It is wielding a +0 club.
The goblin shouts!
Aim: a goblin, wielding a +0 club (43% to hit)
The splash of poison misses the goblin.
You miscast Beastly Appendage.
You are very lightly contaminated with residual magic.
Nothing appears to happen.
You grow a pair of large bovine horns.
The goblin hits you with a +0 club.
You closely miss the goblin. Your headbutt misses the goblin.
You have got your breath back.
The goblin hits you with a +0 club.
You closely miss the goblin. Your headbutt misses the goblin.
The goblin closely misses you.
You barely miss the goblin. You headbutt the goblin.
You kill the goblin!
No target in view!
Your transformation is almost over.
Your magical contamination has completely faded away.
Your horns disappear.
Found a stone staircase leading down.
Found a faded altar of an unknown god.
A frilled lizard comes into view.
You see here 15 gold pieces.
You now have 22 gold pieces (gained 15).
You hit the frilled lizard.
You kill the frilled lizard!
There is a faded altar of an unknown god, spattered with blood here.
You cannot tell which god this altar belongs to.
Convert to them anyway?
Sif Muna accepts your prayer! Sif Muna welcomes you!
You can now call upon Sif Muna for magical energy.
Okay, then.
There is an open door here.
There is an open door here.
There is an open door here.
There is a staircase leading out of the dungeon here.
Are you sure you want to leave the Dungeon?
This will make you lose the game!
You have escaped!

#+#########
..........# .
##########.#.# ####.
#.......#.##.# #....
#.###'###.#.#.# #....
#.....#.#.#.# #....
#.....#.#.#.#####....
+..@..+.#.#.'.'.#....
#.....#.#.#.###......
#.....#.#.#.# ###....
###+###.#.#.# #....
.#. #.# #.... #.#
#.... ..# #...[ ###
####. #.


There were no monsters in sight!

Vanquished Creatures
  A goblin (D:1)
  A frilled lizard (D:1)
2 creatures vanquished.

Notes
Turn   | Place    | Note
-------+----------+-------------------------------------------
     0 | D:1      | Goreval the Naga Transmuter began the quest for the Orb.
     0 | D:1      | Reached XP level 1. HP: 18/18 MP: 3/3
   151 | D:1      | Found a faded altar of an unknown god.
   161 | D:1      | Prayed at the altar of an unknown god.
   161 | D:1      | Became a worshipper of Sif Muna the Loreminder
   161 | D:1      | Reached * piety under Sif Muna
   197 | D:$      | Got out of the dungeon alive.

Illustrated notes

Levels and vault maps discovered:
D:1:      matt_arrival_los_fun, layout_basic, ebering_ecumenical_altar_mist,
          serial_shops, nicolae_shop_stone

Action                   || total
-------------------------++-------
Melee: Unarmed           ||     4
       Headbutt          ||     1
 Cast: Beastly Appendage ||     1
 Abil: Spit Poison       ||     1
Dodge: Dodged            ||     1
